cohdb
Replays
Latest Replays
All Replays
Popular Replays
Top Player Replays
Match Explorer
How It Works
Community
CoH3 Stats
Reddit
Sign in to upload your games and track your stats! →
Sign in with Steam
Match 44683367
Unlisted
Match 44683367
Overview
Messages
Build Orders
End
Kradschützen Motorcycle Team
Panzergrenadier Squad
Panzergrenadier Squad
Panzergrenadier Squad
Construct Light Support Kompanie
Assault Mechanized Group
Construct Mechanized Kompanie
Support Armor Elements
StuG III D Assault Gun
Selects Panzerjäger Kommand Battlegroup
Selects Mine Fields
Selects Tank Busters
StuG III D Assault Gun
CPU - Very Easy
Barbarossa
0
0
Comments
sign in to comment!
No comments posted yet!